 Dungeon Crawl Stone Soup version 0.25-a0-1015-g4819203062 (webtiles) character file.

Game seed: 13326662345414149373, levelgen mode: deterministic

165 Chiseanne the Skirmisher (level 5, -2/63 HPs)
             Began as a Demonspawn Wanderer on May 12, 2020.
             Slain by an ogre
             ... wielding a cursed -2 giant club
              (14 damage)
             ... on level 4 of the Dungeon.
             The game lasted 00:04:46 (2455 turns).

Chiseanne the Skirmisher (Demonspawn Wanderer)      Turns: 2455, Time: 00:04:46

Health: -2/63      AC: 22    Str: 12    XL:     5   Next: 22%
Magic:  5/5        EV:  2    Int: 14    God:
Gold:   88         SH:  0    Dex: 13    Spells: 4/4 levels left

rFire    . . .     SeeInvis .   a - +2 quarterstaff
rCold    . . .     Gourm    .   (shield currently unavailable)
rNeg     + + +     Faith    .   (armour currently unavailable)
rPois    +         Spirit   .   (helmet currently unavailable)
rElec    .         Reflect  .   (cloak currently unavailable)
rCorr    .         Harm     .   (gloves currently unavailable)
MR       .....     NoTele   +   (boots currently unavailable)
Stlth    ++........             (no amulet)
HPRegen  0.20/turn              n - ring of wizardry
MPRegen  0.09/turn              (no ring)

@: tree-form, very slightly contaminated
A: rugged brown scales 1, demonic guardian 1
a: no special abilities


You were on level 4 of the Dungeon.
You were not hungry.
You were a tree.
You visited 1 branch of the dungeon, and saw 4 of its levels.

You collected 88 gold pieces.

Inventory:

Hand Weapons
 a - a +2 quarterstaff (weapon)
 q - a +1 hand axe of flaming
 w - a +0 shortbow
Missiles
 b - 11 sling bullets
 c - 73 arrows
 h - 67 stones (quivered)
Armour
 d - a +0 ring mail (melded)
 r - a +0 pair of gloves (melded)
Jewellery
 n - a ring of wizardry (left branch)
 s - a +2 ring of dexterity {unknown}
Scrolls
 i - a scroll of magic mapping
 k - 2 scrolls of blinking
 o - a scroll of fog
Potions
 l - a potion of degeneration {unknown}
 m - a potion of heal wounds {unknown}
 p - a potion of might {unknown}
Comestibles
 f - 7 rations
 j - 8 chunks of flesh


   Skills:
 * Level 3.5 Fighting
 - Level 1.0 Axes
 - Level 1.0 Staves
 - Level 1.7 Throwing
 * Level 3.1 Armour
 * Level 2.4 Dodging
 - Level 1.7 Stealth


You had 4 spell levels left.
You didn't know any spells.
Your spell library contained the following spells:

 Spells                   Type           Power        Failure   Level  Hunger
 Confusing Touch          Hex            #.......     32%         3    ####...
 Gell's Gravitas          Tloc           #.........   32%         3    ####...
 Petrify                  Tmut/Erth      #.......     71%         4    #####..
 Metabolic Englaciation   Hex/Ice        #.........   95%         5    ######.
 Yara's Violent Unravell  Hex/Tmut       #.........   95%         5    ######.


Dungeon Overview and Level Annotations

Branches:
Dungeon (4/15)
 Temple: D:4-7

Altars:
Ashenzari
Makhleb
Okawaru


Innate Abilities, Weirdness & Mutations

(You are partially covered in rugged brown scales. (AC +1, +3% HP))
A weak demonic guardian rushes to your aid.


Message History

* * * LOW HITPOINT WARNING * * *
You nearly hit yourself!
The ogre hits you with a cursed -2 giant club!
* * * LOW HITPOINT WARNING * * *
You nearly hit yourself!
The ogre hits you but does no damage.
You swing at nothing.
You feel less invigorated.
You feel less confused.
The ogre hits you with a cursed -2 giant club.
You hit the ogre.
The ogre is heavily wounded.
The ogre hits you with a cursed -2 giant club!
* * * LOW HITPOINT WARNING * * *
Some of the chunks of flesh in your inventory have rotted away.
You hit the ogre.
The ogre is severely wounded.
The ogre barely misses you.
You barely miss the ogre.
The ogre is severely wounded.
The ogre hits you with a cursed -2 giant club!
You die...

.# #. ####### ..
#.....# ######.###
#.....###........ .
#..#.§§##..#... ...
#....§§##§##.#.....
#....§§.§oO♣5...#
#....§###§##.##.#
#.###.# #§§#.# #.
#O# #..... .. #.#
####.## #.#.#.# .#
#....<# .#
###.....O....#
###########


You could see an ogre, an orc and a friendly ufetubus (summoned).

Vanquished Creatures
  A worker ant (D:2)
  2 gnolls (D:3)
  2 adders
  An ooze (D:1)
  A worm (D:2)
  A dart slug (D:1)
  3 orcs
  8 giant cockroaches
  5 goblins
  9 hobgoblins
  6 jackals (D:2)
  A quokka (D:3)
  2 ball pythons
  14 bats
  5 frilled lizards
  5 kobolds
  A leopard gecko skeleton (D:2)
  6 rats
73 creatures vanquished.

Vanquished Creatures (collateral kills)
  An orc wizard (D:2)
  An orc (D:2)
  A giant cockroach (D:2)
  A kobold (D:2)
  A rat (D:2)
5 creatures vanquished.

Grand Total: 78 creatures vanquished

Notes
Turn   | Place    | Note
-------+----------+-------------------------------------------
     0 | D:1      | Chiseanne the Demonspawn Wanderer began the quest for the
                  | Orb.
     0 | D:1      | Chiseanne set off with the following items: a +2
                  | quarterstaff, a +0 shortbow, 27 arrows, a +0 ring mail, a
                  | +0 dagger, a ration
     0 | D:1      | Reached XP level 1. HP: 16/16 MP: 1/1
   175 | D:1      | Gained mutation: A weak demonic guardian rushes to your
                  | aid. [demonic ancestry]
   175 | D:1      | Reached XP level 2. HP: 22/22 MP: 2/2
   303 | D:1      | Reached skill level 1 in Dodging
   510 | D:1      | Found a shattered altar of Ashenzari.
   852 | D:2      | Reached XP level 3. HP: 17/28 MP: 3/3
  1206 | D:2      | Reached XP level 4. HP: 27/34 MP: 4/4
  1363 | D:2      | Found a shattered altar of Ashenzari.
  1598 | D:2      | Found an iron altar of Okawaru.
  1702 | D:2      | Found a burning altar of Makhleb.
  2247 | D:3      | Gained mutation: You are partially covered in rugged brown
                  | scales. (AC +1, +3% HP) [demonic ancestry]
  2247 | D:3      | Reached XP level 5. HP: 35/42 MP: 5/5
  2429 | D:4      | Noticed an ogre
  2455 | D:4      | Slain by an ogre

Illustrated notes

Levels and vault maps discovered:
D:1:      dpeg_arrival_ternary, layout_rooms, nicolae_ashenzari_panopticon
D:2:      layout_rooms, overflow_temple_1_default, overflow_temple_1_default,
          first_ration, okawaru_trees_2
D:3:      layout_basic, minmay_cupped
D:4:      layout_loops_cross, gammafunk_temple_overflow_elements, serial_shops,
          shop

Skill      XL: |  1  2  3  4 |
---------------+-------------+-----
Armour         | 2 3 |  3.1
Dodging        | 1 2 |  2.4
Fighting       | 3 |  3.5
Axes           | |  1.0
Staves         | |  1.0
Throwing       | |  1.7
Stealth        | |  1.7

Action                   |  1- 3 |  4- 6 || total
-------------------------+-------+-------++-------
Melee: Quarterstaff      |    99 |   112 ||   211
  Use: Potion            |     1 |     2 ||     3
       Scroll            |       |     7 ||     7
  Eat: Chunk             |     1 |     4 ||     5
Armor: Ring mail         |    68 |    51 ||   119
       Skin              |       |     1 ||     1
Dodge: Dodged            |   100 |   112 ||   212

Table legend:
 A = Non-vault XP
 B = Vault XP
 C = Vault XP percentage of total XP
 D = Non-vault monster count
 E = Vault monster count
 F = Vault count percentage of total count
                 A         B        C        D         E       F
            +---------+---------+-------+---------+---------+-------
      Total |     218 |      19 |   8.0 |      73 |       5 |   6.4
            +---------+---------+-------+---------+---------+-------
        D:1 |      35 |       0 |   0.0 |      18 |       0 |   0.0
        D:2 |     138 |       0 |   0.0 |      39 |       0 |   0.0
        D:3 |      45 |      19 |  29.7 |      16 |       5 |  23.8
            +---------+---------+-------+---------+---------+-------
